 Dungeon Crawl Stone Soup version 0.30.1-11-g7821555f0a (webtiles) character file.

Game seed: 10488085080689895997

78 gasfasgas the Shooter (level 3, -13/29 HPs)
             Began as a Demigod Hunter on Nov 20, 2023.
             Killed from afar by Ijyb (15 damage)
             ... with an iceblast
             ... on level 3 of the Dungeon.
             The game lasted 00:01:55 (1968 turns).

gasfasgas the Shooter (Demigod Hunter)              Turns: 1968, Time: 00:01:56

Health: -13/29     AC:  5    Str: 12    XL:     3   Next: 94%
Magic:  5/5        EV: 12    Int: 11    God:
Gold:   184        SH:  0    Dex: 21    Spells: 2/2 levels left

rFire   . . .        a - +0 shortbow
rCold   . . .        (shield currently unavailable)
rNeg    . . .        c - +0 leather armour
rPois   +            (no helmet)
rElec   .            (no cloak)
rCorr   .            i - +0 pair of gloves
SInv    .            j - +0 pair of boots
Will    .....        k - amulet of magic regeneration
Stlth   ++           f - ring of poison resistance
HPRegen 0.24/turn    (no ring)
MPRegen 0.49/turn

%: no passive effects
@: no status effects
A: high MP 1, forlorn, divine attributes
a: no special abilities


You were on level 3 of the Dungeon.
You visited 1 branch of the dungeon, and saw 3 of its levels.

You collected 184 gold pieces.

Inventory:

Hand Weapons
 a - a +0 shortbow (weapon)
Armour
 c - a +0 leather armour (worn)
 i - a +0 pair of gloves (worn)
 j - a +0 pair of boots (worn)
 m - a +0 pair of boots
Jewellery
 f - a ring of poison resistance (left hand)
 k - an amulet of magic regeneration (around neck)
Scrolls
 b - a scroll of immolation
 e - 3 scrolls of identify {unknown}
 h - 2 scrolls of enchant weapon {unknown}
 l - a scroll of poison {unknown}
 n - a scroll of magic mapping {unknown}
Potions
 d - a potion of brilliance {unknown}
 g - a potion of cancellation {unknown}
 o - a potion of degeneration {unknown}


   Skills:
 - Level 1.7 Fighting
 + Level 5.2 Ranged Weapons
 - Level 1.7 Dodging
 - Level 0.8 Stealth


You had 2 spell levels left.
You didn't know any spells.
Your spell library contained the following spells:

 Spells                   Type           Power      Damage    Failure   Level
 Blade Hands              Tmut           0%         N/A       100%        5
 Irradiate                Conj/Tmut      0%         3d11      100%        5
 Dragon Form              Tmut           0%         N/A       100%        7


Dungeon Overview and Level Annotations

Branches:
Dungeon (3/15)

Annotations:
D:3 Ijyb


Innate Abilities, Weirdness & Mutations

You have an increased reservoir of magic. (+10% MP)
You shall have no god before yourself.
Your divine heritage dramatically boosts your attributes as you level up.


Message History

The hobgoblin shouts!
A hobgoblin is nearby!
You shoot an arrow. The arrow hits the hobgoblin!
You kill the hobgoblin!
You now have 184 gold pieces (gained 15).
Things that are here:
a staff of death; a +0 robe Ijyb the Twisted Goblin comes into view.
She is wielding a +2 dagger of draining and carrying a wand of iceblast (3).
You shoot an arrow. The arrow hits Ijyb but does no damage.
Ijyb shouts!
Ijyb grins evilly.
Ijyb is nearby!
You shoot an arrow. The arrow hits Ijyb!
Ijyb is moderately wounded.
Ijyb zaps a wand.
The mass of ice explodes!
The iceblast engulfs you!!
Ouch! That really hurt!
You are too injured to fight recklessly!
Ijyb is nearby!
Ijyb is nearby!
You are too injured to fight recklessly!
Ijyb is nearby!
You are too injured to fight recklessly!
Ijyb is nearby!
Ijyb is nearby!
You are too injured to fight recklessly!
Okay, then.
Okay, then.
Really read the scroll of immolation? [Y]es or [N]o only, please.
Really read the scroll of immolation? [Y]es or [N]o only, please.
Really read the scroll of immolation?
As you read the scroll of immolation, it crumbles to dust.
The creatures around you are filled with an inner flame!
Ijyb zaps a wand.
The mass of ice explodes!
The iceblast engulfs you!
* * * LOW HITPOINT WARNING * * *
Ijyb screams, "Me kill you!"
Ijyb zaps a wand.
The mass of ice explodes!
The iceblast engulfs you!
Ouch! That really hurt!
You die...

.......# #.....g..#
...........###........#
............##...#
+######.....##...###### .####
....# #.....##..g.....##......
###.###.....##........#....#.#
#...#.....##........#......#
#####.......##........#......#
............##..@.....#......#
.######÷....##........#......# .#
#.#..#####...............#
.####.................#..<.###
.##...#.#...#.........#†...#
.##...#.###.......|...#....######
.##...#.# ##..######'###.........
.##...#.# #..# ##..# #.........
[.....#.####..####..## #.........


You could see Ijyb (inner flame).

Vanquished Creatures
  Jessica (D:3)
  An adder (D:3)
  A worm (D:2)
  A dart slug (D:1)
  An orc (D:2)
  3 ball pythons
  2 endoplasms
  A giant cockroach (D:1)
  4 goblins
  4 hobgoblins (D:3)
  3 jackals (D:2)
  A quokka (D:1)
  3 bats
  4 frilled lizards
  2 kobolds
  6 rats
38 creatures vanquished.

Notes
Turn   | Place    | Note
-------+----------+-------------------------------------------
     0 | D:1      | gasfasgas the Demigod Hunter began the quest for the Orb.
     0 | D:1      | Reached XP level 1. HP: 17/17 MP: 3/3
   121 | D:1      | Reached skill level 4 in Ranged Weapons
   273 | D:1      | Reached XP level 2. HP: 24/24 MP: 4/4
  1442 | D:3      | Identified the +1 robe of the True Pharaoh {Harm rCorr
                  | Str+4}
  1449 | D:3      | Noticed Jessica
  1454 | D:3      | Killed Jessica
  1455 | D:3      | Reached XP level 3. HP: 29/29 MP: 5/5
  1469 | D:3      | Reached skill level 5 in Ranged Weapons
  1959 | D:3      | Noticed Ijyb
  1962 | D:3      | HP: 1/29 [Ijyb/iceblast (9)]
  1968 | D:3      | Killed from afar by Ijyb

Illustrated notes

Levels and vault maps discovered:
D:1:      moated_graveyard_arrival, layout_basic
D:2:      layout_loops_corners, basic_altar
D:3:      layout_basic, mainiacjoe_overflow_brackets, chequers_decorated_corner,
          uniq_ijyb, uniq_jessica

Skill      XL: |  1  2  3 |
---------------+----------+-----
Ranged Weapons | 4 5 |  5.2
Fighting       | |  1.7
Dodging        | |  1.7
Stealth        | |  0.8

Action                     || total
---------------------------++-------
   Fire: Shortbow          ||   109
    Use: Scroll            ||     1
 Armour: Leather armour    ||     7
  Dodge: Dodged            ||    16
